[Event "Late-Titled-Tuesday-Blitz-October-10-2023"]
[Site "Chess.com"]
[Date "2023.10.10"]
[Round "6"]
[White "cassoulet"]
[Black "Zhigalko_Sergei"]
[Result "0-1"]
[WhiteElo "2763"]
[BlackElo "2903"]
[TimeControl "180+1"]
[EndTime "15:03:19 PDT"]
[Termination "Zhigalko_Sergei won by resignation"]

1. d4 Nf6 2. Bg5 d5 3. Bxf6 exf6 4. e3 Bd6 5. Nf3 O-O 6. g3 Re8 7. Bg2 c6 8. O-O Nd7 9. Nbd2 f5 10. c4 Nf6 11. cxd5 cxd5 12. Rc1 Be6 13. Nb3 b6 14. Ne5 Rc8 15. Qd3 Qe7 16. Qa6 Bxe5 17. dxe5 Ng4 18. Nd4 Nxe5 19. Nxe6 Rxc1 20. Rxc1 fxe6 21.
b3 h6 22. h3 Kh7 23. Qa4 Rd8 24. Qd4 Qd6 25. Kh1 Rd7 26. Qc3 Ng6 27. Qc8 Ne7 28. Qe8 Rc7 29. Rxc7 Qxc7 30. Qf7 Qd6 31. g4 a5 32. g5 Ng6 33. gxh6 Kxh6 34. Bf3 Qe7 35.
Qg8 Qh4 36. Kg2 Qg5+ 37. Kf1 Qh4 38. Kg2 Qg5+ 39. Kf1 Qf6 40. Qb8 Qa1+ 41. Ke2 Qxa2+ 42.
Kf1 Qb1+ 43. Ke2 Qc2+ 44. Kf1 Qb1+ 45. Ke2 Qxb3 46. Qd6 Qc4+ 47. Ke1 Qb4+ 48. Qxb4 axb4 49. Kd2 Ne5 50. Be2 Nc6 51. Kd3 Kg5 52. Bd1 Kf6 53. Ba4 Na5 54. Kd4 g5 55. Bb5 Ke7 56. Be2 Kd6 57. f4 Nc6+ 58. Kd3 gxf4 59. exf4 e5 60. Ke3 d4+ 61. Kd3 e4+ 62. Kc4 d3 63. Bd1 Na5+ 64. Kxb4 e3 65. Kc3 e2 66. Bxe2 dxe2 67. Kd2 b5 68. Kxe2 Ke6 69. Kd3 Kf6 70. Kd4 b4 0-1

[Event "Late-Titled-Tuesday-Blitz-October-10-2023"]
[Site "Chess.com"]
[Date "2023.10.10"]
[Round "6"]
[White "tylityli"]
[Black "FERNANDEZL1983"]
[Result "0-1"]
[WhiteElo "2343"]
[BlackElo "2534"]
[TimeControl "180+1"]
[EndTime "15:03:21 PDT"]
[Termination "FERNANDEZL1983 won on time"]

1. d4 Nf6 2. c4 g6 3. Nc3 Bg7 4. e4 d6 5. Nge2 O-O 6. Ng3 e5 7. d5 a5 8. Be2 Na6 9. O-O h5 10. Bg5 Qe8 11. Qd2 Bd7 12. Bh6 h4 13. Nh1 Nh7 14.
Bxg7 Kxg7 15. h3 Qe7 16. f3 f5 17. f4 Rae8 18. Nf2 exf4 19. Qxf4 fxe4 20. Qxe4 Qg5 21. Qd4+ Kg8 22. Bg4 Nc5 23. Nfe4 Nxe4 24. Nxe4 Qe5 25. Qxe5 Rxe5 26. Bxd7 Rxe4 27. Be6+ Kg7 28. b3 Ng5 29. Bg4 Rd4 30. Rxf8 Kxf8 31. Rf1+ Ke7 32. Re1+ Re4 33. Rf1 b6 34. Bf3 Re3 35. Kf2 Rc3 36. Re1+ Kf6 37. Re2 a4 38. Re3 Rc2+ 39. Re2 Rxe2+ 40. Kxe2 Ke5 41.
Ke3 a3 42. Bg4 Ne4 43. b4 Nc3 44. c5 bxc5 45. bxc5 Nxa2 46. cxd6 cxd6 47. Kd3 Nb4+ 48. Kc3 a2 49. Kb2 Kxd5 50. Bf3+ Kc4 51. Be4 g5 52.
Bf3 d5 53. Be2+ Kc5 0-1

[Event "Late-Titled-Tuesday-Blitz-October-10-2023"]
[Site "Chess.com"]
[Date "2023.10.10"]
[Round "6"]
[White "Baku_Boulevard"]
[Black "Fandorine"]
[Result "1/2-1/2"]
[WhiteElo "3036"]
[BlackElo "2942"]
[TimeControl "180+1"]
[EndTime "15:03:24 PDT"]
[Termination "Game drawn by repetition"]

1. e4 e6 2. d4 d5 3. Nd2 c5 4. Ngf3 cxd4 5. Nxd4 Nf6 6. exd5 Qxd5 7. Nb5 Na6 8. Nc3 Qd6 9. Bb5+ Bd7 10. Qe2 Be7 11.
Nc4 Qc7 12. Ne5 O-O 13. Nxd7 Nxd7 14. Bxa6 bxa6 15. Qxa6 Bf6 16. Ne4 Qxc2 17. Nxf6+ Nxf6 18. O-O Nd5 19. b3 h5 20. h3 Rfc8 21. Bg5 Qf5 22.
Be3 Rc2 23. Rae1 Rc7 24. Bd2 Rac8 25. Rc1 Rxc1 26. Bxc1 Rc7 27. Bd2 Qe4 28. Re1 Qc2 29. Rc1 Qxd2 30. Rxc7 Nxc7 31. Qc8+ Kh7 32. Qxc7 Qe1+ 33.
Kh2 Qxf2 34. a4 h4 35. b4 f6 36. b5 e5 37. Qc4 Qg3+ 38. Kh1 Qe1+ 39. Kh2 f5 40. a5 Qg3+ 41. Kh1 Qe1+ 42. Kh2 Qg3+ 43. Kg1 Qe1+ 44. Qf1 Qe3+ 45. Qf2 Qc1+ 46. Kh2 Kg6 47.
b6 axb6 48. Qxb6+ Kh5 49. a6 Qf4+ 50. Kg1 Qc1+ 51. Kf2 Qd2+ 52. Kf1 Qd1+ 53. Kf2 Qd2+ 54. Kg1 Qc1+ 55. Kh2 Qf4+ 56. Kh1 Qf1+ 57. Qg1 Qxa6 58. Qd1+ Kg6 59. Qd8 Qf1+ 60. Kh2 Qf4+ 61. Kh1 Kh7 62. Qe8 Qg3 63. Qh5+ Kg8 64. Qe8+ Kh7 65. Qh5+ Kg8 66. Qe8+ Kh7 1/2-1/2

[Event "Late-Titled-Tuesday-Blitz-October-10-2023"]
[Site "Chess.com"]
[Date "2023.10.10"]
[Round "6"]
[White "Zeck_CH"]
[Black "bettercallcafu"]
[Result "0-1"]
[WhiteElo "2471"]
[BlackElo "2648"]
[TimeControl "180+1"]
[EndTime "15:03:24 PDT"]
[Termination "bettercallcafu won by resignation"]

1. d4 e6 2. Nf3 Nf6 3. g3 d5 4. Bg2 c5 5. O-O cxd4 6. Nxd4 e5 7. Nf3 Nc6 8. c4 d4 9. b4 e4 10. Ng5 Bxb4 11. Nxe4 Nxe4 12. Bxe4 Bh3 13. Bg2 Bxg2 14. Kxg2 O-O 15. Ba3 Bxa3 16. Nxa3 Qe7 17. Nc2 Rad8 18.
Ne1 Rfe8 19. Rb1 Qe4+ 20. Kg1 b6 21. Rb2 Ne5 22. Qb3 h5 23. Nf3 Nxf3+ 24. exf3 Qf5 25. Rd1 h4 26. Rbd2 h3 27. Qd3 Qxd3 28. Rxd3 Re2 29. a3 Rc2 30. f4 f5 31. Kf1 Rxc4 32. Ke2 Kf7 33. Kf3 Kf6 34. g4 fxg4+ 35. Kxg4 g6 36. Rxh3 Rc2 37. Rh7 Rxf2 38. Kg3 Ra2 39. Rxa7 d3 40.
Rb7 Rd6 41. Kf3 Rxa3 42. Ke3 d2+ 43. Ke2 Rh3 44. Kf2 Rxh2+ 45. Ke3 Rh3+ 46. Kf2 Rc3 47.
Ke2 Rcd3 48. Rxb6 Rxb6 49. Kxd3 Kf5 50. Ke3 Re6+ 51. Kf3 Rd6 52. Ke3 Rd5 53. Kf3 Rd7 54. Ke3 Rd8 55. Kf3 Rd3+ 56. Ke2 Ke4 57. Rf1 d1=Q+ 58.
Rxd1 Rxd1 59. Kxd1 Kxf4 60. Ke1 Kf3 61. Kf1 g5 62.
Kg1 Kg3 63. Kh1 Kf2 64. Kh2 g4 65. Kh1 Kg3 66. Kg1 Kh3 67. Kh1 g3 68. Kg1 g2 69.
Kf2 Kh2 0-1

[Event "Late-Titled-Tuesday-Blitz-October-10-2023"]
[Site "Chess.com"]
[Date "2023.10.10"]
[Round "6"]
[White "josiwales"]
[Black "K_A_S_T_O_R"]
[Result "1-0"]
[WhiteElo "2768"]
[BlackElo "2884"]
[TimeControl "180+1"]
[EndTime "15:03:28 PDT"]
[Termination "josiwales won by resignation"]

1. e4 c5 2. Nc3 a6 3. g3 d6 4. Bg2 Nc6 5. d3 g6 6. f4 Bg7 7. Be3 Nf6 8. h3 Qb6 9. Rb1 O-O 10. Nf3 Nd4 11. O-O Nd7 12. Nd5 Qd8 13. g4 e6 14. Nc3 Rb8 15. f5 b5 16. Ne2 Nxf3+ 17. Bxf3 Ne5 18. Bg2 Bd7 19. Qd2 Qe7 20. Ng3 Nc6 21. Bh6 Qh4 22. Nh5 Bd4+ 23. Kh1 gxh5 24.
Bg5 Qg3 25. Rf3 Qe5 26. c3 hxg4 27. hxg4 Qg7 28. cxd4 Nxd4 29. f6 Qg6 30. Rh3 Kh8 31. Rh6 Qg8 32. Kh2 e5 33. Rh1 Ne6 34. Kg3 Rfe8 35.
Bf3 Nf8 36. R1h5 Re6 37. Qh2 Rc8 38. Be3 c4 39. d4 exd4 40. Bxd4 c3 41. Rg5 Ng6 42.
Rgxg6 Qxg6 43. Rxg6 fxg6 44. f7+ Re5 45. Bxe5+ dxe5 46. Qh4 Kg7 47. Qe7 Rf8 48. Qxd7 cxb2 49. Qd3 Rxf7 50.
Qb1 Rd7 51. Qxb2 Rd4 52. Qa3 Ra4 53. Qe7+ Kg8 54. Qxe5 b4 55. Qd5+ Kg7 56. e5 1-0

[Event "Late-Titled-Tuesday-Blitz-October-10-2023"]
[Site "Chess.com"]
[Date "2023.10.10"]
[Round "6"]
[White "TheBigBoss04"]
[Black "ContrVersia"]
[Result "1-0"]
[WhiteElo "2767"]
[BlackElo "2881"]
[TimeControl "180+1"]
[EndTime "15:03:28 PDT"]
[Termination "TheBigBoss04 won on time"]

1. Nf3 d5 2. e3 Nf6 3. c4 c6 4.
b3 g6 5. Bb2 Bg7 6. Nc3 O-O 7.
cxd5 cxd5 8. d4 Nc6 9. Be2 Ne4 10. O-O Bg4 11. h3 Bxf3 12. Bxf3 f5 13. Rc1 Rc8 14. Nxe4 dxe4 15. Be2 Qd6 16. Rc5 b6 17. Rd5 Qc7 18. Ba6 Rcd8 19. Rxd8 Rxd8 20. Qc2 Qd6 21. Rc1 Nb8 22.
Bb7 e6 23. Qc7 Bf8 24. d5 exd5 25. Qxd6 Bxd6 26. Bxd5+ Kf8 27. Kf1 Nd7 28. Ke2 Ke7 29. Rc6 Nb8 30. Rc2 Na6 31. a3 Nc5 32. Bc4 Nd7 33.
b4 Rc8 34. Bb3 Rxc2+ 35. Bxc2 Be5 36. Bc1 Bc3 37. Bb3 Ne5 38. f3 h5 39. fxe4 fxe4 40. Bc2 Nd3 41. Bxd3 exd3+ 42. Kxd3 Bf6 43. b5 Kd6 44. a4 Kd5 45. e4+ Ke6 46. Be3 Be5 47. Bd4 Bc7 48. g4 hxg4 49. hxg4 Bd8 50. Kc4 Bc7 51. a5 Kd6 52. a6 Ke6 53. Kd3 Kd6 54. Bf2 Ke6 55. Ke3 Bd6 56. Kf3 Ke7 57. Bxb6 1-0

[Event "Late-Titled-Tuesday-Blitz-October-10-2023"]
[Site "Chess.com"]
[Date "2023.10.10"]
[Round "6"]
[White "aNaartjieZA"]
[Black "GMMikhailKazakov"]
[Result "1-0"]
[WhiteElo "2559"]
[BlackElo "2369"]
[TimeControl "180+1"]
[EndTime "15:03:30 PDT"]
[Termination "aNaartjieZA won on time"]

1. e4 d6 2. Nf3 g6 3. g3 Bg7 4. Bg2 c5 5. O-O Nc6 6. c3 e6 7. Re1 Nge7 8. Na3 O-O 9. d4 cxd4 10. cxd4 d5 11. e5 a6 12. Bg5 h6 13. Bf4 b5 14.
Qd2 Kh7 15. h4 Ng8 16. Rac1 Bb7 17. Rc5 Rc8 18. Rec1 Re8 19. Nc2 Bf8 20. Rc3 Nce7 21. Rxc8 Bxc8 22. Nb4 Bb7 23. Nd3 Nf5 24. Nc5 Bc8 25.
Bf1 Qb6 26. b4 Rd8 27. Bd3 Bd7 28.
Rc2 Be8 29. g4 Nfe7 30. h5 Kg7 31. Rc1 Rc8 32. Kh2 Rc6 33. Rg1 Qd8 34. g5 Nf5 35. Bxf5 exf5 36. gxh6+ Kh7 37. Bg5 Be7 38. Qf4 f6 39.
hxg6+ Bxg6 40. Bxf6 Nxf6 41. exf6 Bxf6 42. Re1 Qf8 43. Kg2 Qxh6 44. Rh1 Bh5 45. Qxf5+ Qg6+ 46. Qxg6+ Kxg6 47. Ne5+ Bxe5 48. dxe5 d4 49. Rh4 d3 50.
Rd4 Be2 51. Kg3 Rc8 52. f4 Kf5 53. Kf2 Rh8 54. Ke3 Rh3+ 55. Kd2 Rh2 56. Nxd3 Bf3+ 57. Ke3 Bg4 58. Rd6 Re2+ 59. Kd4 1-0

[Event "Late-Titled-Tuesday-Blitz-October-10-2023"]
[Site "Chess.com"]
[Date "2023.10.10"]
[Round "6"]
[White "BigAl"]
[Black "2typicalchessplayer"]
[Result "1-0"]
[WhiteElo "2601"]
[BlackElo "2377"]
[TimeControl "180+1"]
[EndTime "15:03:32 PDT"]
[Termination "BigAl won by checkmate"]

1. Nf3 d5 2. g3 g6 3. Bg2 Bg7 4.
O-O e5 5. d3 Ne7 6. Nc3 h6 7.
e4 d4 8. Nb1 O-O 9. Nbd2 Nbc6 10. a4 Be6 11. Ne1 Qd7 12. f4 exf4 13. gxf4 a5 14.
Kh1 Ra6 15. Nb3 b6 16. Nf3 Raa8 17. Qe1 Bxb3 18. cxb3 Nb4 19. Qd1 Rad8 20. Ne1 f5 21. Bd2 Nec6 22. Rc1 Rfe8 23. e5 Nd5 24. Qf3 Ncb4 25.
Rg1 c5 26. Qg3 Ne7 27. Bf3 Qe6 28. Rc4 Kh7 29. h4 Rg8 30. Kh2 h5 31. Be2 Bh6 32. Nf3 Ned5 33. Ng5+ Bxg5 34. Qxg5 Qe7 35. Qg3 Nc7 36. Rg2 Nbd5 37. Rc1 Ne6 38. Rcg1 Rg7 39. Bf3 Rd7 40. Rf1 Nb4 41. Bd1 Nd5 42. Kh3 Ra7 43.
Rfg1 Rd7 44. Qf3 Qf7 45. b4 Nxb4 46. Bb3 Qe7 47. Bc4 Nf8 48. Rg5 Qe8 49. Bb5 Qe6 50. Bxd7 Nxd7 51. Bxb4 axb4 52. Qa8 Qb3 53. R1g3 Qd1 54.
Qg2 Nf8 55. Kh2 Ne6 56. Rxg6 Rxg6 57. Rxg6 Nxf4 58. Rg7+ Kh8 59. Rg8+ Kh7 60. Qg7# 1-0

[Event "Late-Titled-Tuesday-Blitz-October-10-2023"]
[Site "Chess.com"]
[Date "2023.10.10"]
[Round "6"]
[White "wild3000"]
[Black "azikom"]
[Result "0-1"]
[WhiteElo "2307"]
[BlackElo "2607"]
[TimeControl "180+1"]
[EndTime "15:03:35 PDT"]
[Termination "azikom won on time"]

1. e4 c5 2. Nf3 e6 3. g3 Nc6 4.
Bg2 b5 5. O-O Bb7 6. d4 cxd4 7.
Nxd4 a6 8. Nc3 Nxd4 9. Qxd4 Ne7 10. Re1 Nc6 11. Qd1 Bc5 12. Qh5 Qb6 13. Be3 Bxe3 14.
Rxe3 O-O 15. Rd1 Rad8 16. e5 Qc7 17. Rd6 f5 18. f4 Ne7 19. Bxb7 Qxb7 20. Qf3 Qa7 21.
Qf2 Nc8 22. Rd2 Qc7 23. Red3 Nb6 24. b3 Rf7 25. a4 bxa4 26. Nxa4 Nxa4 27. bxa4 h6 28.
Qd4 Rb8 29. Qd6 Rb1+ 30. Rd1 Qxc2 31. Rxb1 Qxb1+ 32. Rd1 Qb3 33. Qd4 g5 34. Rd3 Qb1+ 35. Rd1 Qc2 36. Rd2 Qc1+ 37. Rd1 Qc6 38. fxg5 hxg5 39.
Rb1 Kg7 40. a5 Qc2 41. Rd1 f4 42. Qd2 Qxd2 43. Rxd2 fxg3 44. hxg3 Kg6 45. Rd6 Rf5 46. Rxd7 Rxe5 47. Rd6 Rxa5 48. Rxe6+ Kf5 49. Re3 Ra2 50. Rc3 a5 51. Rc4 a4 52. g4+ Ke5 53. Rc5+ Kf4 54. Rc4+ Kg3 55. Kf1 Kf3 56. Ke1 a3 57. Ra4 Kg3 0-1

[Event "Late-Titled-Tuesday-Blitz-October-10-2023"]
[Site "Chess.com"]
[Date "2023.10.10"]
[Round "6"]
[White "DonBroca"]
[Black "IMGC"]
[Result "0-1"]
[WhiteElo "2227"]
[BlackElo "2409"]
[TimeControl "180+1"]
[EndTime "15:03:38 PDT"]
[Termination "IMGC won by resignation"]

1. e4 c5 2. c3 b6 3. d4 Bb7 4. Bd3 e6 5. Nf3 Nf6 6. Qe2 cxd4 7. cxd4 Nc6 8. O-O Nb4 9. Nc3 Nxd3 10. Qxd3 Bb4 11. Bg5 h6 12. Bxf6 Qxf6 13. e5 Qg6 14.
Qxg6 fxg6 15. Nb5 O-O 16. a3 Be7 17. Rac1 Bc6 18. Nc3 Rac8 19. Nd2 Rf4 20. d5 exd5 21. Nxd5 Rf7 22. Nxe7+ Rxe7 23. f4 Rf8 24. Nc4 Bb5 25.
g3 g5 26. Rf3 gxf4 27. Rxf4 Rc8 28. b3 Rxe5 29. Kf2 Rec5 30. Ke3 d5 31. a4 Be8 32. Nd6 Rxc1 33. Nxc8 Rxc8 34. Kd4 Rd8 35. Rf3 Bf7 36. Rc3 Rd7 37. Rc8+ Kh7 38. Rc6 g6 39. b4 Kg7 40.
a5 bxa5 41. bxa5 Kf8 42. Rc5 Ke7 43. Rb5 Kd6 44. a6 Kc6 45. Rc5+ Kb6 46. Rc2 Kxa6 47.
Rb2 Rc7 48. Ra2+ Kb7 49. Rb2+ Ka8 50. Ke5 Rd7 51. Kd4 a6 52. Rb6 Ka7 53. Rb4 a5 54.
Rb1 Ka6 55. Rb8 a4 56. Ra8+ Kb5 57. Rb8+ Ka5 58. Ra8+ Kb4 59. Rb8+ Ka3 60. Kc3 Rc7+ 61. Kd4 Ka2 62. Ra8 a3 63. Rb8 Ka1 64. Ke5 a2 65. Kd6 Rc2 66. Ke7 Bg8 67. Rxg8 Kb1 68. Rb8+ Rb2 69.
Ra8 a1=Q 70. Kd6 Qxa8 0-1

[Event "Late-Titled-Tuesday-Blitz-October-10-2023"]
[Site "Chess.com"]
[Date "2023.10.10"]
[Round "6"]
[White "hansen"]
[Black "KaydenTroffChess"]
[Result "0-1"]
[WhiteElo "2912"]
[BlackElo "2811"]
[TimeControl "180+1"]
[EndTime "15:03:39 PDT"]
[Termination "KaydenTroffChess won by resignation"]

1. e4 c5 2. Nf3 g6 3. c4 Bg7 4. d4 cxd4 5. Nxd4 Qb6 6. Nb3 a5 7. Be3 Qb4+ 8. Bd2 Qd6 9. Bc3 Qxd1+ 10.
Kxd1 Nf6 11. f3 Nc6 12. Na3 d6 13. Be2 Kf8 14. Ke1 Be6 15. Kf2 Nd7 16. Rhc1 Bxc3 17.
Rxc3 Kg7 18. Nb5 Rhc8 19. N3d4 Nc5 20. Ke3 Bd7 21. Rd1 Na4 22. Rc2 Nb4 23. Rcd2 Nc5 24. Nc3 Be6 25. f4 Nc6 26. Ndb5 a4 27. g4 Na5 28.
Na3 Nd7 29. Nd5 Bxd5 30. exd5 Nc5 31. Rc2 Na6 32. Rcd2 Nb4 33. Ra1 Rc5 34. Kf2 Re8 35.
Bf1 e6 36. dxe6 Rxe6 37. h3 h5 38. Kf3 hxg4+ 39. hxg4 Rf6 40. Kg3 d5 41. cxd5 Nxd5 42.
Rd4 Ne3 43. Be2 Nc2 44. Nxc2 Rxc2 45. Bf3 Rxb2 46. Rxa4 b6 47. Rd1 Re6 48. Ra3 Nc4 49. Rb3 Rxa2 50. Bd5 Re3+ 51. Rxe3 Nxe3 52. Rd3 Nxd5 53.
Rxd5 Ra8 54. Rb5 Rb8 55. g5 Kf8 56. f5 gxf5 57. Kf4 Ke7 58. Kxf5 Kd6 59. Kf6 Rb7 60.
Rb1 b5 61. Rd1+ Kc5 62. Rc1+ Kd4 63. Rd1+ Kc3 64. Rc1+ Kd2 65. Rc8 b4 66. Rd8+ Kc3 67. Rf8 b3 68. Rxf7 Rxf7+ 69. Kxf7 b2 70. g6 b1=Q 71.
g7 Qf5+ 72. Ke7 Qg6 73. Kf8 Qf6+ 74. Kg8 Kd4 0-1

[Event "Late-Titled-Tuesday-Blitz-October-10-2023"]
[Site "Chess.com"]
[Date "2023.10.10"]
[Round "6"]
[White "ExchangeAB"]
[Black "NotFischer"]
[Result "1-0"]
[WhiteElo "2497"]
[BlackElo "2281"]
[TimeControl "180+1"]
[EndTime "15:03:44 PDT"]
[Termination "ExchangeAB won on time"]

1. d4 g6 2. e4 Bg7 3. Nf3 d6 4. h3 Nf6 5. Nc3 O-O 6. Bg5 c6 7. Qd2 Qc7 8. Bh6 Nbd7 9. Be2 Re8 10. Bxg7 Kxg7 11. O-O e5 12. Rad1 a6 13. Rfe1 Nf8 14. dxe5 dxe5 15. Qd6 Qxd6 16. Rxd6 Nh5 17. Red1 Nf4 18.
Bf1 f6 19. Na4 N8e6 20. Nb6 Rb8 21. g3 Nh5 22. Bc4 Nf8 23. Kg2 Be6 24. Bxe6 Rxe6 25. Ng1 Rbe8 26. Ne2 Kf7 27. Nc3 Rxd6 28. Rxd6 Re6 29.
Rd2 Ng7 30. Nca4 Re7 31. Nc5 Nge6 32. Nb3 h5 33. h4 f5 34. Kf3 f4 35. c3 fxg3 36.
fxg3 Ke8 37. Nc4 Nd7 38. Nd6+ Kf8 39. Nxb7 Nb6 40. N7a5 Rf7+ 41. Ke3 Rf1 42. Rf2+ Rxf2 43. Kxf2 Ke7 44. Ke3 Kd6 45. Kd3 Nc5+ 46. Nxc5 Kxc5 47.
Nb3+ Kd6 48. Nd2 Nd7 49. Nc4+ Ke6 50. b4 c5 51. a4 cxb4 52. cxb4 Nf6 53. b5 axb5 54.
axb5 Nd7 55. b6 Nc5+ 56. Ke3 Nb7 57. Kd2 Nc5 58. Ke3 Nb7 59. Kf3 Nc5 60. Ne3 Kd7 61.
Nd5 Kc6 62. Ne7+ Kxb6 63. Nxg6 Kc6 64. Nxe5+ Kd6 65. Kf4 Ne6+ 66. Kf5 Nd4+ 67. Kf6 Ne2 68. Nf7+ Kd7 69. e5 Nxg3 70. e6+ Ke8 71. Nd6+ Kd8 72. e7+ 1-0

[Event "Late-Titled-Tuesday-Blitz-October-10-2023"]
[Site "Chess.com"]
[Date "2023.10.10"]
[Round "6"]
[White "ThaBarWa"]
[Black "giomar27"]
[Result "1-0"]
[WhiteElo "2422"]
[BlackElo "2284"]
[TimeControl "180+1"]
[EndTime "15:03:44 PDT"]
[Termination "ThaBarWa won by resignation"]

1. d4 Nf6 2. c4 c5 3. d5 b5 4. Nf3 g6 5. cxb5 a6 6. Nc3 axb5 7. d6 e6 8. e4 b4 9. Nb5 Na6 10. e5 Nd5 11. Bc4 Nb6 12. Bg5 Nxc4 13. Bxd8 Kxd8 14. Qe2 Nb6 15. O-O Bg7 16. Ng5 Ke8 17.
Qf3 Rf8 18. Nxh7 Rh8 19. Nf6+ Kf8 20. a4 Rb8 21. b3 Bb7 22. Qe3 Bxf6 23. exf6 Nd5 24.
Qd2 Rh4 25. g3 Rh5 26. f3 Nxf6 27. Nc7 Kg7 28. a5 Rbh8 29. Rf2 Nd5 30. Nxa6 Bxa6 31. Rc1 Nc3 32. Rxc3 bxc3 33. Qxc3+ f6 34. b4 Rc8 35. g4 Rd5 36. h4 Rxd6 37. bxc5 Rdc6 38. g5 e5 39. gxf6+ Kxf6 40. f4 Rxc5 41. fxe5+ Ke6 42. Qh3+ Ke7 43. Qa3 Ke6 44. Qe3 Rc1+ 45.
Kh2 Bb7 46. Rf6+ Ke7 47. Qa3+ R8c5 48. a6 Rc2+ 49. Kg1 Ba8 50. a7 Ke8 51. Rf2 Rc1+ 52. Rf1 R1c3 53. Qb4 Rg3+ 54. Kh2 Rg2+ 55. Kh3 Rgc2 56.
Qb8+ Rc8 57. Qb4 R8c3+ 58. Kg4 Rc4+ 59. Rf4 Rxb4 60. Rxb4 Rc8 61. Kg5 Kd8 62. Kxg6 Rc6+ 63. Kg7 Rc8 64. h5 Kc7 65. h6 Bd5 66. Rb8 1-0

[Event "Late-Titled-Tuesday-Blitz-October-10-2023"]
[Site "Chess.com"]
[Date "2023.10.10"]
[Round "6"]
[White "cthulhuuu"]
[Black "wadsy27"]
[Result "0-1"]
[WhiteElo "2472"]
[BlackElo "2648"]
[TimeControl "180+1"]
[EndTime "15:03:47 PDT"]
[Termination "wadsy27 won by resignation"]

1. e4 c5 2. Nf3 e6 3. d3 Nc6 4. g3 Nf6 5. Bg2 d5 6. Nbd2 Be7 7. O-O b6 8. Re1 Bb7 9. c3 O-O 10. e5 Nd7 11. h4 Rc8 12. Nf1 b5 13. Bf4 b4 14. N1h2 Re8 15. h5 h6 16. Qd2 Nf8 17. Ng4 Nh7 18. d4 bxc3 19. bxc3 cxd4 20. cxd4 Ng5 21. Bxg5 Bxg5 22. Qb2 Na5 23. Nfh2 Bc6 24.
f4 Be7 25. Qf2 Nc4 26. f5 exf5 27. Qxf5 Bd7 28. e6 Bxe6 29. Rxe6 fxe6 30. Qg6 Bg5 31. Nf3 Nd2 32. Nxd2 Bxd2 33. Rf1 Rc1 34. Rxc1 Bxc1 35.
Ne5 Qe7 36. Bh3 Be3+ 37. Kg2 Bxd4 38. Nc6 Qf7 39. Nxd4 Qxg6 40. hxg6 e5 41. Nc6 d4 42. Kf2 Kf8 43. Ke2 e4 44. Nxd4 Re5 45. Ne6+ Ke7 46.
Nxg7 Kf6 47. Nh5+ Kxg6 48. Nf4+ Kf6 49. Ke3 Ra5 50. Kxe4 Rxa2 51. Kf3 Ra3+ 52. Kg4 a5 53. Bg2 a4 54. Nh5+ Ke5 55. Nf4 Rc3 56. Bf1 a3 57. Nd3+ Rxd3 58. Bxd3 a2 0-1

[Event "Late-Titled-Tuesday-Blitz-October-10-2023"]
[Site "Chess.com"]
[Date "2023.10.10"]
[Round "6"]
[White "Polish_fighter3000"]
[Black "Mykola-Bortnyk"]
[Result "1-0"]
[WhiteElo "3062"]
[BlackElo "2963"]
[TimeControl "180+1"]
[EndTime "15:03:50 PDT"]
[Termination "Polish_fighter3000 won on time"]

1. d4 f5 2. Bg5 d5 3. e3 Nf6 4. Bxf6 exf6 5. c4 c6 6. Nc3 Bb4 7. Qb3 Qa5 8. cxd5 cxd5 9. Bd3 Bd7 10. a3 Bxc3+ 11. bxc3 Nc6 12. Ne2 Rb8 13. O-O O-O 14.
c4 dxc4 15. Bxc4+ Kh8 16. Nf4 g5 17. Ne6 Bxe6 18. Bxe6 f4 19. Rac1 Qd8 20. Qa4 Qd6 21.
d5 Nd8 22. exf4 Nxe6 23. dxe6 Qxe6 24. fxg5 fxg5 25. Qxa7 Qd6 26. Rfd1 Qf6 27. h3 Ra8 28. Qe3 Qf4 29. Rd7 Qxe3 30. fxe3 Rxa3 31. Rcc7 Re8 32. Rxh7+ Kg8 33. Rcg7+ Kf8 34. Rxb7 Kg8 35. Rbg7+ Kf8 36. Rxg5 Rexe3 37. Rb5 Kg8 38. Rd7 Ra8 39. Kh2 Kh8 40. Rh5+ Kg8 41. Rg5+ Kh8 42. Rh5+ Kg8 43. Rd4 Kf7 44.
Rg4 Kf6 45. Rh6+ Kf7 46. Rh7+ Kf6 47. Rhg7 Re1 48. R4g6+ Kf5 49. Rg4 Raa1 50. Kg3 Re3+ 51. Kh4 Re8 52. R7g5+ Kf6 53. Rg6+ Kf5 54. Kh5 Raa8 55.
R4g5+ Kf4 56. Rf6+ Ke4 57. Kg4 Ke3 58. g3 Ra4+ 59. Rf4 Raa8 60. h4 Rh8 61. h5 Rae8 62. Rff5 Ke2 63. Re5+ Rxe5 64. Rxe5+ Kd3 65. Re6 Kd4 66. Kg5 Kd5 67. Rg6 Ke5 68. h6 Rf8 69. g4 1-0

[Event "Late-Titled-Tuesday-Blitz-October-10-2023"]
[Site "Chess.com"]
[Date "2023.10.10"]
[Round "6"]
[White "mishanick"]
[Black "Jospem"]
[Result "0-1"]
[WhiteElo "3091"]
[BlackElo "3127"]
[TimeControl "180+1"]
[EndTime "15:03:52 PDT"]
[Termination "Jospem won on time"]

1. d4 Nf6 2. c4 g6 3. Nc3 d6 4. e4 Bg7 5. Be2 O-O 6. Be3 e5 7. d5 Nbd7 8. Nf3 Nc5 9. Nd2 c6 10.
b4 Na6 11. a3 c5 12. Rb1 Ne8 13. g4 Bf6 14. h4 Bxh4 15. Nf3 Bf6 16. g5 Bg7 17. Qd2 Qe7 18. Nh2 f5 19. gxf6 Nxf6 20. Bg5 Qf7 21. Qe3 Bd7 22. Nf1 h5 23. f3 Nh7 24. Bh4 Rac8 25. Rg1 Kh8 26. b5 Nb8 27. a4 Be8 28. a5 Nd7 29. Rb2 Bf6 30. Bf2 Qe7 31.
Bd1 Bg5 32. Qd3 Bh6 33. Be3 Bxe3 34. Qxe3 Qh4+ 35. Rf2 Qf4 36. Qd3 Qh4 37. Rg3 Qd8 38. Rh2 Qxa5 39. Ra2 Qb6 40. Qe3 Ndf6 41. Qh6 a6 42.
bxa6 bxa6 43. Nd2 Ng8 44. Qe3 Rb8 45. Ba4 Bf7 46. Bc6 Ngf6 47. Ke2 h4 48. Rg1 Rg8 49.
Rh1 g5 50. Rha1 Qd8 51. Rxa6 Nh5 52. Ra7 Nf4+ 53. Kd1 Qf6 54. Kc2 Bg6 55. Rd7 Rg7 56. Rxg7 Qxg7 57. Nb5 Qf6 58. Bd7 Rd8 59. Bg4 Qf8 60.
Ra7 Nf6 61. Bf5 Bxf5 62. exf5 Qh6 63. Qf2 h3 64. Qh2 g4 65. fxg4 Nxg4 66. Qg3 Rg8 67. Nxd6 Qxd6 68. Ne4 Qh6 69. f6 Ne2 70. f7 Nxg3 71. fxg8=Q+ Kxg8 72. Nxg3 Qf4 0-1

[Event "Late-Titled-Tuesday-Blitz-October-10-2023"]
[Site "Chess.com"]
[Date "2023.10.10"]
[Round "6"]
[White "ozates"]
[Black "Necromon"]
[Result "1-0"]
[WhiteElo "2767"]
[BlackElo "2464"]
[TimeControl "180+1"]
[EndTime "15:03:58 PDT"]
[Termination "ozates won by resignation"]

1. c4 e5 2. g3 Nf6 3. Bg2 d5 4. cxd5 Nxd5 5. Nc3 Nb6 6. Nf3 Nc6 7. O-O Be7 8. d3 O-O 9. a3 Be6 10. Be3 Nd5 11. Nxd5 Bxd5 12. Rc1 Bd6 13. Qa4 Ne7 14. Bc5 Bc6 15. Qb3 Nf5 16. Rfd1 Qf6 17. Qc3 Rfe8 18.
b4 Bxc5 19. Qxc5 Bxf3 20. Bxf3 Nd4 21. Kg2 c6 22. Qc4 Nxf3 23. exf3 Rad8 24. b5 Re6 25. Qa4 cxb5 26. Qxa7 Qf5 27. Qxb7 Rh6 28. h4 g5 29.
Qe7 Ra8 30. Qxg5+ Qxg5 31. hxg5 Re6 32. Rc3 Kg7 33. Rb1 Kg6 34. Rxb5 Kxg5 35. f4+ Kf6 36. fxe5+ Rxe5 37. Rc6+ Re6 38. Rxe6+ fxe6 39. Rb3 Ra4 40. f4 Kf5 41. Kf3 h5 42. Rc3 Rd4 43. Rc5+ Kf6 44.
Ke3 Ra4 45. Rxh5 Rxa3 46. g4 Ra1 47. Rh6+ Kf7 48. g5 Re1+ 49. Kd4 Rf1 50. Rf6+ Ke7 51. Ke3 Re1+ 52. Kf2 Ra1 53. f5 exf5 54. Rxf5 Ra2+ 55. Ke3 Ra1 56. d4 Rg1 57. Ke4 Ke6 58. Rf6+ Ke7 59. Kf5 Rd1 60. Ke5 Re1+ 61. Kd5 Rg1 62. Rf5 Rg2 63.
Kc6 Ke6 64. Re5+ Kf7 65. d5 Rc2+ 66. Kd7 Rc3 67. d6 Rc1 68. Kd8 Rc2 69. d7 Rc1 70.
Re2 Rc2 71. Rxc2 1-0

[Event "Late-Titled-Tuesday-Blitz-October-10-2023"]
[Site "Chess.com"]
[Date "2023.10.10"]
[Round "6"]
[White "dorpato"]
[Black "egnfanclub"]
[Result "1/2-1/2"]
[WhiteElo "2077"]
[BlackElo "2347"]
[TimeControl "180+1"]
[EndTime "15:03:59 PDT"]
[Termination "Game drawn - insufficient material"]

1. e4 e5 2. Nf3 Nc6 3. d4 exd4 4. c3 dxc3 5. Nxc3 d6 6. Bc4 Nf6 7. O-O Be7 8. Qb3 O-O 9. Ng5 Ne5 10. f4 Nxc4 11. Qxc4 h6 12. Nf3 Be6 13. Qd3 c6 14. Be3 Ng4 15. f5 Nxe3 16. Qxe3 Bc4 17. Rfd1 Qb6 18. Qxb6 axb6 19. b3 Ba6 20. Rd2 Bf6 21.
Rc1 Bxc3 22. Rxc3 Rfe8 23. Re3 Rad8 24. Kf2 c5 25. g4 f6 26. h4 b5 27. g5 hxg5 28. hxg5 fxg5 29. Nxg5 b6 30. Ne6 Rd7 31. Rg3 Bb7 32. Ke3 Rf7 33. Rxd6 Bc8 34. Rxb6 Bxe6 35. Rxe6 Rxe6 36. fxe6 Ra7 37. Rg5 c4 38. bxc4 bxc4 39. Rc5 Kf8 40. Rxc4 Rxa2 41. Kf4 Ke7 42. Rc6 Ra7 43. Kf5 Rb7 44. Kg6 Rb4 45. Kf5 Rb5+ 46. e5 Rb7 47. Kg6 Rb5 48. Kf5 Rb7 49. Ra6 Rc7 50.
Ra8 Rb7 51. Rg8 Rb1 52. Rxg7+ Ke8 53. Rg8+ Ke7 54. Rg7+ Ke8 55. e7 Rb6 56. Rh7 Ra6 57. Ke4 Ra5 58. Kf5 Ra6 59. e6 Ra1 60. Kf6 Rf1+ 61.
Ke5 Re1+ 62. Kd6 Rd1+ 63. Kc6 Rc1+ 64. Kd5 Rd1+ 65. Kc5 Rc1+ 66. Kd4 Rd1+ 67. Ke4 Re1+ 68. Kf5 Rf1+ 69. Kg5 Rg1+ 70. Kf4 Rf1+ 71. Kg4 Rg1+ 72. Kf3 Re1 73. Kf4 Rxe6 74. Kf5 Rxe7 75. Rxe7+ Kxe7 1/2-1/2